[ AOE2 MATCH · #475373640 ]
UnrankedCumans vs Goths
[ REPLAY ANALYSIS · EXTRACTED FROM THE RECORDED GAME ]
Feudal
10:56
Castle
15:53
Imperial
33:02
| APM avg | 35.9 |
| APM peak | 92 |
| eAPM avg | 22.3 |
| Villagers / military | 93 / 59 |
Focus
⚔️ 36.1% · 🌾 63.9%
Spearman ×18 · Skirmisher ×11 · Kipchak ×10 · Battering Ram ×9 · Trebuchet (Packed) ×8 · Mangonel ×3
Feudal
11:49
Castle
15:41
Imperial
—
| APM avg | 18.7 |
| APM peak | 49 |
| eAPM avg | 11.5 |
| Villagers / military | 76 / 23 |
Focus
⚔️ 25.0% · 🌾 75.0%
Huskarl ×17 · Battering Ram ×3 · Petard ×2 · Mangonel ×1
Feudal
8:40
Castle
21:04
Imperial
37:37
| APM avg | 37.9 |
| APM peak | 87 |
| eAPM avg | 14.8 |
| Villagers / military | 104 / 43 |
Focus
⚔️ 26.1% · 🌾 73.9%
Mangudai ×42 · Monk ×1
Feudal
8:58
Castle
17:03
Imperial
37:43
| APM avg | 32.2 |
| APM peak | 55 |
| eAPM avg | 25.5 |
| Villagers / military | 153 / 295 |
Focus
⚔️ 35.5% · 🌾 64.5%
Militia ×286 · Monk ×7 · Spearman ×2
Feudal
10:30
Castle
15:38
Imperial
33:01
| APM avg | 45.9 |
| APM peak | 115 |
| eAPM avg | 29.0 |
| Villagers / military | 147 / 107 |
Focus
⚔️ 27.2% · 🌾 72.8%
Knight ×102 · Trebuchet (Packed) ×5
Feudal
10:06
Castle
14:19
Imperial
26:42
| APM avg | 48.1 |
| APM peak | 104 |
| eAPM avg | 17.8 |
| Villagers / military | 111 / 28 |
Focus
⚔️ 36.5% · 🌾 63.5%
Unknown (2562) ×34 · Monk ×17 · Trebuchet (Packed) ×8 · Petard ×3
Feudal
10:07
Castle
13:52
Imperial
29:04
| APM avg | 24.6 |
| APM peak | 55 |
| eAPM avg | 15.0 |
| Villagers / military | 152 / 47 |
Focus
⚔️ 13.8% · 🌾 86.2%
Knight ×41 · Spearman ×3 · Monk ×2 · Mangonel ×1
Feudal
11:04
Castle
14:40
Imperial
30:34
| APM avg | 75.5 |
| APM peak | 119 |
| eAPM avg | 28.7 |
| Villagers / military | 141 / 160 |
Focus
⚔️ 43.5% · 🌾 56.5%
Spearman ×110 · Steppe Lancer ×35 · Battering Ram ×8 · Scout Cavalry ×5 · Monk ×2
Match map
Initial resources + every placement click. Lines = walls · curves = elevation contours. ◆ gold · ⬟ stone · ● berries · ✦ relic · ◌ wall gap
Your base· ✓ Closed at 15:53 · 34t walls · 2 gate(s)
BruToO's base· ✓ Closed at 15:41 · 0t walls · 3 gate(s)
[KOF] ME LA PELAN's base· ✓ Closed at 21:04 · 1t walls · 2 gate(s)
PossiblySean's base· ✓ Closed at 17:03 · 0t walls · 2 gate(s)
Rainguni's base· ✓ Closed at 15:38 · 0t walls · 3 gate(s)
NuclearPasta's base· ✓ Closed at 14:19 · 0t walls · 2 gate(s)
只会种田's base· ✓ Closed at 13:52 · 0t walls · 2 gate(s)
LaochraGael's base· ✓ Closed at 14:40 · 2t walls · 4 gate(s)
Smoothed initial terrain · ◌ = detected wall gap · hover for details
Inputs per minute
— Gloriaz - - BruToO
Build order — Gloriaz
First 150 of 277 actions detected
| 0:01 | Create | Villager (Male) |
| 0:01 | Create | Villager (Male) |
| 0:01 | Create | Villager (Male) |
| 0:02 | Build | House |
| 0:03 | Build | House |
| 0:12 | Create | Villager (Male) |
| 0:12 | Create | Villager (Male) |
| 1:35 | Create | Villager (Male) |
| 1:35 | Create | Villager (Male) |
| 2:00 | Create | Villager (Male) |
| 2:00 | Create | Villager (Male) |
| 2:13 | Build | Lumber Camp |
| 2:20 | Create | Villager (Male) |
| 2:20 | Create | Villager (Male) |
| 2:38 | Create | Villager (Male) |
| 2:38 | Create | Villager (Male) |
| 2:54 | Create | Villager (Male) |
| 2:54 | Create | Villager (Male) |
| 3:27 | Create | Villager (Male) |
| 3:27 | Create | Villager (Male) |
| 3:42 | Create | Villager (Male) |
| 3:42 | Create | Villager (Male) |
| 3:51 | Build | House |
| 4:14 | Build | Mill |
| 4:18 | Build | Mill |
| 4:29 | Build | House |
| 4:34 | Create | Villager (Male) |
| 4:35 | Create | Villager (Male) |
| 4:35 | Create | Villager (Male) |
| 4:35 | Create | Villager (Male) |
| 5:21 | Create | Villager (Male) |
| 5:21 | Create | Villager (Male) |
| 5:44 | Create | Villager (Male) |
| 5:44 | Create | Villager (Male) |
| 5:59 | Create | Villager (Male) |
| 6:43 | Create | Villager (Male) |
| 7:01 | Build | Farm |
| 7:01 | Build | Farm |
| 7:14 | Create | Villager (Male) |
| 7:14 | Create | Villager (Male) |
| 7:14 | Create | Villager (Male) |
| 8:05 | Build | Mining Camp |
| 8:10 | Research | Feudal Age |
| 9:07 | Build | Palisade Wall |
| 9:19 | Build | Mining Camp |
| 9:52 | Build | House |
| 9:53 | Build | House |
| 10:03 | Research | Loom |
| 10:28 | Build | Palisade Wall |
| 10:33 | Build | Palisade Wall |
| 10:43 | Create | Villager (Male) |
| 10:56 | Age | Feudal Age |
| 11:19 | Create | Villager (Male) |
| 11:22 | Build | Market |
| 11:25 | Create | Villager (Male) |
| 11:38 | Build | Palisade Wall |
| 11:49 | Create | Villager (Male) |
| 12:11 | Build | Palisade Wall |
| 12:18 | Build | Palisade Wall |
| 12:38 | Build | Blacksmith |
| 12:46 | Create | Villager (Male) |
| 13:12 | Research | Castle Age |
| 13:12 | Research | Castle Age |
| 13:23 | Research | Double-Bit Axe |
| 13:23 | Research | Double-Bit Axe |
| 13:27 | Build | Farm |
| 13:38 | Build | Farm |
| 13:41 | Build | Watch Tower |
| 13:51 | Create | Villager (Male) |
| 15:15 | Build | House |
| 15:30 | Build | Palisade Wall |
| 15:30 | Build | Palisade Wall |
| 15:53 | Age | Castle Age |
| 15:54 | Build | Palisade Wall |
| 15:55 | Create | Villager (Male) |
| 15:56 | Create | Villager (Male) |
| 16:04 | Build | Siege Workshop |
| 16:05 | Research | Bow Saw |
| 16:05 | Research | Bow Saw |
| 16:21 | Create | Villager (Male) |
| 16:22 | Build | Farm |
| 16:37 | Create | Villager (Male) |
| 16:45 | Create | Mangonel |
| 16:45 | Create | Mangonel |
| 17:15 | Create | Villager (Male) |
| 17:15 | Create | Villager (Male) |
| 18:04 | Create | Villager (Male) |
| 18:05 | Create | Villager (Male) |
| 18:20 | Build | Farm |
| 18:26 | Create | Mangonel |
| 18:28 | Create | Villager (Male) |
| 18:29 | Build | House |
| 18:30 | Build | House |
| 18:31 | Build | House |
| 18:33 | Build | Farm |
| 18:38 | Build | House |
| 18:40 | Build | House |
| 18:54 | Build | Farm |
| 19:07 | Create | Villager (Male) |
| 19:08 | Create | Villager (Male) |
| 19:09 | Build | Farm |
| 19:12 | Build | Farm |
| 19:36 | Build | Palisade Wall |
| 20:01 | Build | Farm |
| 20:02 | Create | Villager (Male) |
| 20:03 | Create | Villager (Male) |
| 20:03 | Create | Villager (Male) |
| 20:19 | Build | Palisade Wall |
| 20:23 | Create | Villager (Male) |
| 20:23 | Create | Villager (Male) |
| 20:27 | Build | House |
| 20:47 | Build | House |
| 21:01 | Create | Villager (Male) |
| 21:01 | Create | Villager (Male) |
| 21:03 | Build | Farm |
| 21:05 | Build | Farm |
| 21:27 | Research | Capped Ram (upgrade) |
| 21:27 | Research | Capped Ram (upgrade) |
| 21:28 | Create | Villager (Male) |
| 21:49 | Create | Villager (Male) |
| 22:11 | Build | Siege Workshop |
| 22:13 | Create | Battering Ram |
| 22:31 | Create | Villager (Male) |
| 22:31 | Create | Villager (Male) |
| 22:32 | Create | Villager (Male) |
| 22:51 | Create | Battering Ram |
| 22:51 | Create | Battering Ram |
| 23:06 | Build | Siege Workshop |
| 23:11 | Create | Villager (Male) |
| 23:12 | Create | Villager (Male) |
| 23:12 | Create | Villager (Male) |
| 23:22 | Create | Villager (Male) |
| 23:38 | Create | Battering Ram |
| 23:39 | Create | Battering Ram |
| 23:42 | Create | Villager (Male) |
| 23:42 | Create | Villager (Male) |
| 23:50 | Create | Villager (Male) |
| 23:50 | Create | Villager (Male) |
| 23:59 | Build | Barracks |
| 24:04 | Research | Scale Mail Armor |
| 24:05 | Research | Scale Mail Armor |
| 24:49 | Create | Villager (Male) |
| 24:49 | Create | Villager (Male) |
| 24:49 | Create | Villager (Male) |
| 24:52 | Build | Barracks |
| 24:54 | Create | Spearman |
| 24:54 | Create | Spearman |
| 25:00 | Create | Villager (Male) |
| 25:18 | Create | Battering Ram |
| 25:19 | Create | Battering Ram |
Build order — BruToO
First 150 of 192 actions detected
| 0:01 | Create | Villager (Male) ×4 |
| 0:03 | Build | House |
| 0:04 | Build | House |
| 1:29 | Create | Villager (Male) |
| 1:45 | Build | Lumber Camp |
| 2:00 | Create | Villager (Male) |
| 2:34 | Create | Villager (Male) |
| 2:34 | Create | Villager (Male) |
| 2:50 | Create | Villager (Male) |
| 2:50 | Create | Villager (Male) |
| 3:10 | Create | Villager (Male) |
| 3:37 | Create | Villager (Male) |
| 3:57 | Build | Mill |
| 4:01 | Create | Villager (Male) |
| 4:41 | Create | Villager (Male) |
| 4:42 | Create | Villager (Male) |
| 4:42 | Create | Villager (Male) |
| 4:47 | Build | House |
| 5:07 | Create | Villager (Male) |
| 5:37 | Build | Mining Camp |
| 6:16 | Create | Villager (Male) |
| 6:45 | Create | Villager (Male) |
| 6:45 | Create | Villager (Male) |
| 7:15 | Build | House |
| 7:35 | Create | Villager (Male) |
| 7:36 | Create | Villager (Male) |
| 7:42 | Build | House |
| 8:49 | Create | Villager (Male) |
| 8:50 | Create | Villager (Male) |
| 9:25 | Research | Feudal Age |
| 11:49 | Age | Feudal Age |
| 11:51 | Create | Villager (Male) |
| 11:52 | Create | Villager (Male) |
| 12:00 | Build | Market |
| 12:03 | Build | Blacksmith |
| 13:01 | Research | Castle Age |
| 13:11 | Research | Horse Collar |
| 13:15 | Build | Farm |
| 13:18 | Build | Farm |
| 13:20 | Build | Farm |
| 13:31 | Build | Farm |
| 13:33 | Build | Farm |
| 13:34 | Research | Double-Bit Axe |
| 13:44 | Build | Farm |
| 14:39 | Build | Farm |
| 14:41 | Build | Farm |
| 14:54 | Research | Stone Mining |
| 15:09 | Create | Villager (Male) |
| 15:09 | Create | Villager (Male) |
| 15:41 | Age | Castle Age |
| 15:51 | Build | Castle |
| 16:28 | Build | Siege Workshop |
| 16:34 | Create | Villager (Male) |
| 17:04 | Create | Villager (Male) |
| 17:04 | Create | Villager (Male) |
| 17:12 | Research | Loom |
| 17:26 | Build | House |
| 17:29 | Build | House |
| 17:37 | Create | Villager (Male) |
| 17:37 | Create | Villager (Male) |
| 17:41 | Build | Town Center |
| 17:42 | Create | Villager (Male) |
| 17:56 | Build | House |
| 18:06 | Build | House |
| 18:12 | Build | Palisade Wall |
| 18:13 | Build | Palisade Wall |
| 18:22 | Create | Huskarl |
| 18:27 | Create | Villager (Male) |
| 18:43 | Create | Villager (Male) |
| 18:45 | Create | Villager (Male) |
| 18:45 | Create | Villager (Male) |
| 18:53 | Create | Villager (Male) |
| 18:54 | Build | Farm |
| 18:58 | Build | Farm |
| 19:01 | Build | Farm |
| 19:04 | Create | Huskarl |
| 19:08 | Create | Villager (Male) |
| 19:16 | Build | House |
| 19:18 | Build | Palisade Wall |
| 19:19 | Build | Palisade Wall |
| 19:22 | Create | Huskarl |
| 19:39 | Create | Mangonel |
| 19:48 | Build | House |
| 19:50 | Build | House |
| 19:53 | Create | Villager (Male) |
| 19:59 | Create | Villager (Male) |
| 20:21 | Create | Huskarl |
| 20:33 | Create | Villager (Male) |
| 20:33 | Create | Villager (Male) |
| 20:37 | Build | Farm |
| 20:38 | Build | Farm |
| 20:40 | Build | Farm |
| 20:49 | Build | House |
| 20:51 | Build | House |
| 20:53 | Create | Villager (Male) |
| 21:03 | Build | Farm |
| 21:14 | Build | Farm |
| 21:18 | Build | Lumber Camp |
| 21:20 | Create | Villager (Male) |
| 21:39 | Create | Petard |
| 21:40 | Create | Petard |
| 21:49 | Build | Palisade Gate |
| 21:51 | Create | Huskarl |
| 22:31 | Create | Villager (Male) |
| 22:32 | Research | Forging |
| 22:45 | Create | Huskarl |
| 23:12 | Create | Huskarl |
| 23:27 | Create | Huskarl |
| 23:30 | Create | Villager (Male) |
| 23:34 | Build | Mill |
| 23:37 | Create | Villager (Male) |
| 23:39 | Build | Farm |
| 23:39 | Build | Farm |
| 23:39 | Build | Farm |
| 23:39 | Build | Farm |
| 23:40 | Build | Farm |
| 23:40 | Build | Farm |
| 23:40 | Build | Farm |
| 23:41 | Create | Villager (Male) |
| 23:46 | Create | Huskarl |
| 23:58 | Create | Huskarl |
| 23:58 | Create | Huskarl |
| 24:08 | Create | Villager (Male) |
| 24:34 | Create | Huskarl |
| 24:35 | Create | Villager (Male) |
| 24:40 | Create | Villager (Male) |
| 24:41 | Create | Villager (Male) |
| 24:55 | Create | Villager (Male) |
| 24:57 | Create | Villager (Male) |
| 24:57 | Create | Villager (Male) |
| 24:59 | Build | Farm |
| 24:59 | Build | Farm |
| 25:20 | Build | Farm |
| 25:28 | Create | Villager (Male) |
| 25:37 | Build | Town Center |
| 25:38 | Create | Villager (Male) |
| 25:53 | Create | Battering Ram |
| 26:01 | Create | Villager (Male) |
| 26:02 | Research | Wheelbarrow |
| 26:03 | Research | Wheelbarrow |
| 26:05 | Create | Villager (Male) |
| 26:09 | Build | Farm |
| 26:09 | Build | Farm |
| 26:10 | Build | Farm |
| 26:10 | Build | Farm |
| 26:11 | Create | Villager (Male) |
| 26:13 | Create | Battering Ram |
| 26:19 | Create | Villager (Male) |
| 26:27 | Create | Huskarl |
| 26:40 | Create | Villager (Male) |
Build order — [KOF] ME LA PELAN
First 150 of 234 actions detected
| 0:02 | Create | Villager (Male) |
| 0:02 | Create | Villager (Male) |
| 0:03 | Build | House |
| 0:04 | Build | House |
| 0:08 | Create | Villager (Male) |
| 0:08 | Create | Villager (Male) |
| 0:08 | Create | Villager (Male) |
| 1:36 | Create | Villager (Male) |
| 1:36 | Create | Villager (Male) |
| 2:06 | Create | Villager (Male) |
| 2:07 | Create | Villager (Male) |
| 2:11 | Build | Lumber Camp |
| 2:15 | Create | Villager (Male) |
| 2:16 | Create | Villager (Male) |
| 2:48 | Create | Villager (Male) |
| 2:48 | Create | Villager (Male) |
| 2:48 | Create | Villager (Male) |
| 2:54 | Build | House |
| 2:56 | Create | Villager (Male) |
| 3:31 | Create | Villager (Male) |
| 3:32 | Create | Villager (Male) |
| 3:32 | Create | Villager (Male) |
| 4:04 | Create | Villager (Male) |
| 4:04 | Create | Villager (Male) |
| 4:19 | Build | House |
| 4:31 | Create | Villager (Male) |
| 4:31 | Create | Villager (Male) |
| 4:32 | Create | Villager (Male) |
| 5:11 | Build | Mill |
| 5:26 | Create | Villager (Male) |
| 5:37 | Research | Loom |
| 6:30 | Research | Feudal Age |
| 6:53 | Build | Mining Camp |
| 8:40 | Age | Feudal Age |
| 8:42 | Build | Watch Tower |
| 8:44 | Create | Villager (Male) |
| 8:45 | Create | Villager (Male) |
| 8:45 | Create | Villager (Male) |
| 8:45 | Create | Villager (Male) |
| 8:49 | Research | Double-Bit Axe |
| 9:47 | Build | House |
| 10:12 | Build | Mill |
| 10:15 | Create | Villager (Male) |
| 10:15 | Create | Villager (Male) |
| 10:34 | Create | Villager (Male) |
| 11:02 | Build | Watch Tower |
| 11:30 | Create | Villager (Male) |
| 11:31 | Create | Villager (Male) |
| 11:34 | Build | Mining Camp |
| 11:43 | Build | Blacksmith |
| 11:44 | Build | House |
| 11:47 | Create | Villager (Male) |
| 12:31 | Create | Villager (Male) |
| 12:32 | Create | Villager (Male) |
| 12:35 | Build | Farm |
| 12:37 | Create | Villager (Male) |
| 13:06 | Build | Market |
| 13:38 | Build | Watch Tower |
| 13:47 | Build | Farm |
| 13:50 | Create | Villager (Male) |
| 14:27 | Create | Villager (Male) |
| 14:29 | Build | House |
| 14:32 | Research | Fletching |
| 14:41 | Build | Farm |
| 14:56 | Create | Villager (Male) |
| 14:57 | Create | Villager (Male) |
| 15:28 | Build | House |
| 15:37 | Build | Palisade Wall |
| 15:48 | Create | Villager (Male) |
| 15:51 | Build | Farm |
| 15:54 | Build | Farm |
| 16:23 | Build | Watch Tower |
| 16:26 | Create | Villager (Male) |
| 16:37 | Create | Villager (Male) |
| 17:02 | Create | Villager (Male) |
| 17:03 | Build | Farm |
| 17:04 | Build | House |
| 17:22 | Build | Farm |
| 17:30 | Create | Villager (Male) |
| 18:24 | Research | Castle Age |
| 19:56 | Build | Farm |
| 19:57 | Build | Farm |
| 19:57 | Build | Farm |
| 19:58 | Build | Farm |
| 20:00 | Build | Farm |
| 20:01 | Build | Farm |
| 20:02 | Build | House |
| 20:05 | Research | Horse Collar |
| 20:07 | Research | Gold Mining |
| 20:50 | Create | Villager (Male) |
| 20:50 | Create | Villager (Male) |
| 20:50 | Create | Villager (Male) |
| 20:50 | Create | Villager (Male) |
| 20:52 | Create | Villager (Male) |
| 21:04 | Age | Castle Age |
| 21:22 | Build | Castle |
| 21:27 | Create | Villager (Male) |
| 21:30 | Research | Bow Saw |
| 22:32 | Create | Villager (Male) |
| 22:32 | Create | Villager (Male) |
| 22:34 | Build | Town Center |
| 22:35 | Create | Villager (Male) |
| 22:35 | Create | Villager (Male) |
| 22:36 | Create | Villager (Male) |
| 23:11 | Build | Monastery |
| 23:28 | Create | Villager (Male) |
| 23:28 | Create | Villager (Male) |
| 23:30 | Build | Farm |
| 23:34 | Build | Farm |
| 23:35 | Build | Farm |
| 23:50 | Create | Monk |
| 24:31 | Create | Villager (Male) |
| 25:04 | Create | Villager (Male) |
| 25:05 | Create | Villager (Male) |
| 25:05 | Create | Villager (Male) |
| 25:44 | Create | Mangudai |
| 25:45 | Create | Mangudai |
| 25:45 | Create | Mangudai |
| 26:07 | Create | Villager (Male) |
| 26:07 | Create | Villager (Male) |
| 26:51 | Create | Villager (Male) |
| 26:55 | Build | Farm |
| 26:57 | Build | Farm |
| 27:02 | Create | Mangudai |
| 27:02 | Create | Mangudai |
| 27:02 | Create | Mangudai |
| 27:02 | Create | Mangudai |
| 27:02 | Create | Mangudai |
| 27:28 | Create | Villager (Male) |
| 27:28 | Create | Villager (Male) |
| 28:11 | Create | Mangudai |
| 28:12 | Create | Mangudai |
| 28:12 | Create | Mangudai |
| 28:24 | Create | Mangudai |
| 28:24 | Create | Mangudai |
| 28:25 | Create | Mangudai |
| 28:25 | Create | Mangudai |
| 28:25 | Create | Mangudai |
| 28:34 | Build | University |
| 28:46 | Create | Mangudai |
| 28:47 | Create | Villager (Male) |
| 28:47 | Create | Villager (Male) |
| 28:48 | Create | Villager (Male) |
| 28:48 | Create | Villager (Male) |
| 28:50 | Create | Villager (Male) |
| 28:50 | Create | Villager (Male) |
| 28:50 | Create | Villager (Male) |
| 28:51 | Create | Villager (Male) |
| 28:57 | Build | Farm |
| 29:00 | Build | Farm |
Build order — PossiblySean
First 150 of 471 actions detected
| 0:01 | Create | Villager (Male) |
| 0:01 | Create | Villager (Male) |
| 0:01 | Create | Villager (Male) |
| 0:01 | Create | Villager (Male) |
| 0:01 | Create | Villager (Male) |
| 0:02 | Build | House |
| 0:03 | Build | House |
| 1:16 | Create | Villager (Male) |
| 1:16 | Create | Villager (Male) |
| 1:16 | Create | Villager (Male) |
| 1:43 | Create | Villager (Male) |
| 1:44 | Create | Villager (Male) |
| 1:44 | Create | Villager (Male) |
| 2:12 | Build | Lumber Camp |
| 2:27 | Create | Villager (Male) |
| 2:27 | Create | Villager (Male) |
| 2:27 | Create | Villager (Male) |
| 2:47 | Create | Villager (Male) |
| 2:47 | Create | Villager (Male) |
| 3:29 | Create | Villager (Male) |
| 3:34 | Build | House |
| 3:35 | Build | House |
| 3:56 | Create | Villager (Male) |
| 3:56 | Create | Villager (Male) |
| 4:33 | Build | Mill |
| 4:41 | Create | Villager (Male) |
| 4:55 | Create | Villager (Male) |
| 5:43 | Create | Villager (Male) |
| 6:07 | Research | Loom |
| 6:48 | Research | Feudal Age |
| 8:33 | Create | Villager (Male) |
| 8:33 | Create | Villager (Male) |
| 8:58 | Age | Feudal Age |
| 9:16 | Research | Double-Bit Axe |
| 9:16 | Research | Double-Bit Axe |
| 9:19 | Research | Horse Collar |
| 9:21 | Create | Villager (Male) |
| 9:25 | Build | Farm |
| 9:27 | Build | Farm |
| 9:35 | Create | Villager (Male) |
| 10:14 | Build | Farm |
| 10:32 | Create | Villager (Male) |
| 10:38 | Create | Villager (Male) |
| 10:46 | Build | House |
| 10:52 | Create | Villager (Male) |
| 10:59 | Build | Farm |
| 11:17 | Build | Farm |
| 11:21 | Create | Villager (Male) |
| 11:33 | Build | Farm |
| 11:40 | Research | Wheelbarrow |
| 12:05 | Build | Mining Camp |
| 12:38 | Build | House |
| 13:00 | Build | Market |
| 13:07 | Create | Villager (Male) |
| 13:09 | Create | Villager (Male) |
| 13:25 | Build | Blacksmith |
| 13:27 | Create | Villager (Male) |
| 14:07 | Build | Farm |
| 14:10 | Build | Farm |
| 14:19 | Research | Castle Age |
| 14:23 | Build | Farm |
| 14:28 | Build | Farm |
| 14:46 | Build | Farm |
| 14:47 | Create | Villager (Male) |
| 14:47 | Create | Villager (Male) |
| 15:29 | Build | Barracks |
| 15:32 | Research | Scale Mail Armor |
| 15:43 | Create | Villager (Male) |
| 15:46 | Create | Villager (Male) |
| 16:04 | Build | Barracks |
| 16:06 | Create | Villager (Male) |
| 16:11 | Build | Farm |
| 16:16 | Build | House |
| 16:33 | Build | House |
| 16:50 | Research | Forging |
| 17:03 | Age | Castle Age |
| 17:04 | Research | Chain Mail Armor |
| 17:06 | Research | Man-at-Arms (upgrade) |
| 17:07 | Create | Militia |
| 17:08 | Create | Militia |
| 17:12 | Create | Villager (Male) |
| 17:15 | Create | Militia |
| 17:16 | Create | Militia |
| 17:16 | Create | Militia |
| 17:18 | Build | House |
| 17:23 | Build | Farm |
| 17:33 | Research | Squires |
| 17:42 | Build | Monastery |
| 17:44 | Create | Villager (Male) |
| 17:45 | Create | Villager (Male) |
| 17:53 | Create | Militia |
| 17:54 | Create | Militia |
| 18:04 | Build | Farm |
| 18:09 | Create | Militia |
| 18:17 | Create | Monk |
| 18:17 | Create | Monk |
| 18:21 | Build | House |
| 18:28 | Research | Long Swordsman (upgrade) |
| 18:29 | Create | Villager (Male) |
| 18:31 | Create | Monk |
| 18:43 | Build | Farm |
| 18:46 | Build | Farm |
| 18:47 | Create | Villager (Male) |
| 18:50 | Create | Militia |
| 18:50 | Create | Militia |
| 18:52 | Build | House |
| 18:59 | Create | Militia |
| 18:59 | Create | Militia |
| 19:24 | Create | Monk |
| 19:24 | Create | Monk |
| 19:26 | Create | Militia |
| 19:27 | Create | Militia |
| 19:27 | Create | Militia |
| 19:27 | Create | Militia |
| 19:27 | Create | Militia |
| 19:38 | Create | Militia |
| 19:38 | Create | Militia |
| 20:11 | Create | Militia ×4 |
| 20:30 | Create | Militia ×2 |
| 20:30 | Create | Militia ×2 |
| 20:37 | Create | Villager (Male) |
| 20:44 | Create | Villager (Male) |
| 20:44 | Create | Villager (Male) |
| 20:53 | Create | Villager (Male) |
| 20:53 | Create | Villager (Male) |
| 20:57 | Create | Villager (Male) |
| 20:57 | Create | Villager (Male) |
| 21:01 | Build | Farm |
| 21:04 | Build | Farm |
| 21:10 | Build | Barracks |
| 21:15 | Create | Militia ×2 |
| 21:15 | Create | Militia ×2 |
| 21:21 | Create | Villager (Male) |
| 21:32 | Research | Forging |
| 21:37 | Build | Lumber Camp |
| 22:07 | Create | Villager (Male) |
| 22:12 | Create | Villager (Male) |
| 22:23 | Create | Villager (Male) |
| 22:32 | Create | Villager (Male) |
| 22:39 | Create | Villager (Male) |
| 22:39 | Create | Villager (Male) |
| 22:39 | Create | Villager (Male) |
| 22:44 | Create | Militia |
| 22:44 | Create | Militia |
| 22:58 | Create | Villager (Male) |
| 23:04 | Build | Farm |
| 23:04 | Build | Farm |
| 23:18 | Build | Farm |
| 23:18 | Build | Farm |
| 23:23 | Create | Militia |
Build order — Rainguni
First 150 of 400 actions detected
| 0:00 | Create | Villager (Male) |
| 0:00 | Create | Villager (Male) |
| 0:01 | Create | Villager (Male) |
| 0:02 | Build | House |
| 0:03 | Build | House |
| 0:19 | Create | Villager (Male) |
| 0:19 | Create | Villager (Male) |
| 1:24 | Create | Villager (Male) |
| 1:50 | Build | Lumber Camp |
| 2:04 | Create | Villager (Male) |
| 2:04 | Create | Villager (Male) |
| 2:16 | Create | Villager (Male) |
| 2:17 | Create | Villager (Male) |
| 2:44 | Create | Villager (Male) |
| 3:00 | Create | Villager (Male) |
| 3:33 | Create | Villager (Male) |
| 3:56 | Build | House |
| 3:58 | Build | Mill |
| 4:00 | Create | Villager (Male) |
| 4:32 | Create | Villager (Male) |
| 4:32 | Create | Villager (Male) |
| 4:33 | Create | Villager (Male) |
| 5:18 | Create | Villager (Male) |
| 5:18 | Create | Villager (Male) |
| 6:03 | Build | House |
| 6:11 | Create | Villager (Male) |
| 6:11 | Create | Villager (Male) |
| 6:13 | Build | Mill |
| 6:14 | Create | Villager (Male) |
| 6:14 | Create | Villager (Male) |
| 7:11 | Create | Villager (Male) |
| 8:00 | Build | Mining Camp |
| 8:20 | Research | Feudal Age |
| 8:20 | Research | Feudal Age |
| 9:03 | Create | Villager (Male) |
| 9:04 | Create | Villager (Male) |
| 9:10 | Build | Barracks |
| 9:20 | Build | House |
| 9:39 | Create | Villager (Male) |
| 10:19 | Build | Farm |
| 10:21 | Build | Farm |
| 10:25 | Build | Farm |
| 10:30 | Age | Feudal Age |
| 10:33 | Build | Stable |
| 10:40 | Create | Villager (Male) |
| 10:57 | Build | Blacksmith |
| 11:15 | Build | Farm |
| 11:18 | Build | Farm |
| 11:31 | Research | Loom |
| 12:01 | Create | Villager (Male) |
| 12:39 | Build | Farm |
| 12:58 | Research | Castle Age |
| 12:58 | Research | Castle Age |
| 13:44 | Research | Double-Bit Axe |
| 13:44 | Research | Double-Bit Axe |
| 13:51 | Research | Horse Collar |
| 13:51 | Research | Horse Collar |
| 13:55 | Build | Farm |
| 13:58 | Build | Farm |
| 13:59 | Build | Farm |
| 14:03 | Build | Farm |
| 14:19 | Create | Villager (Male) |
| 14:19 | Create | Villager (Male) |
| 14:40 | Build | House |
| 14:41 | Build | House |
| 14:41 | Build | House |
| 15:11 | Research | Bloodlines |
| 15:18 | Research | Gold Mining |
| 15:20 | Create | Villager (Male) |
| 15:38 | Age | Castle Age |
| 15:40 | Build | Town Center |
| 15:43 | Create | Knight |
| 15:53 | Create | Villager (Male) |
| 16:05 | Build | House |
| 16:06 | Build | House |
| 16:06 | Build | House |
| 16:09 | Build | Farm |
| 16:11 | Create | Knight |
| 16:12 | Create | Knight |
| 16:14 | Create | Villager (Male) |
| 16:27 | Create | Villager (Male) |
| 16:31 | Build | House |
| 16:35 | Build | Farm |
| 16:40 | Build | Farm |
| 16:42 | Create | Knight |
| 16:42 | Create | Knight |
| 16:51 | Create | Villager (Male) |
| 16:51 | Create | Villager (Male) |
| 16:59 | Build | Farm |
| 17:11 | Research | Scale Barding Armor |
| 17:11 | Research | Scale Barding Armor |
| 17:17 | Create | Knight |
| 17:17 | Create | Knight |
| 17:24 | Create | Villager (Male) |
| 17:26 | Create | Knight |
| 17:26 | Create | Knight |
| 17:31 | Build | Farm |
| 17:41 | Build | Farm |
| 17:46 | Build | Farm |
| 17:47 | Create | Villager (Male) |
| 17:47 | Create | Villager (Male) |
| 18:07 | Create | Villager (Male) |
| 18:08 | Create | Villager (Male) |
| 18:08 | Create | Villager (Male) |
| 18:18 | Create | Villager (Male) |
| 18:24 | Create | Knight |
| 18:25 | Create | Knight |
| 18:33 | Create | Villager (Male) |
| 18:50 | Create | Villager (Male) |
| 18:50 | Create | Villager (Male) |
| 18:52 | Build | Farm |
| 18:56 | Create | Villager (Male) |
| 19:14 | Create | Villager (Male) |
| 19:14 | Create | Villager (Male) |
| 19:27 | Create | Villager (Male) |
| 19:28 | Create | Villager (Male) |
| 19:30 | Build | Farm |
| 19:31 | Build | Farm |
| 19:35 | Build | Town Center |
| 19:36 | Create | Villager (Male) |
| 20:07 | Create | Knight |
| 20:08 | Create | Knight |
| 20:10 | Create | Villager (Male) |
| 20:10 | Create | Villager (Male) |
| 20:10 | Create | Villager (Male) |
| 20:13 | Build | Farm |
| 20:22 | Build | Farm |
| 20:58 | Create | Villager (Male) |
| 20:58 | Create | Villager (Male) |
| 20:58 | Create | Villager (Male) |
| 20:59 | Create | Villager (Male) |
| 21:06 | Build | House |
| 21:14 | Create | Knight |
| 21:16 | Create | Villager (Male) |
| 21:16 | Create | Villager (Male) |
| 21:16 | Create | Villager (Male) |
| 21:19 | Build | Farm |
| 21:25 | Build | Farm |
| 21:27 | Build | Farm |
| 21:29 | Build | Farm |
| 21:31 | Build | Farm |
| 21:38 | Build | House |
| 21:38 | Build | House |
| 21:38 | Build | House |
| 21:41 | Create | Villager (Male) |
| 21:41 | Create | Villager (Male) |
| 21:42 | Create | Villager (Male) |
| 21:49 | Build | Mining Camp |
| 21:53 | Build | Farm |
| 21:57 | Create | Knight |
Build order — NuclearPasta
First 150 of 300 actions detected
| 0:00 | Create | Villager (Male) |
| 0:01 | Create | Villager (Male) |
| 0:01 | Create | Villager (Male) |
| 0:01 | Create | Villager (Male) |
| 0:02 | Build | House |
| 0:03 | Build | House |
| 1:26 | Create | Villager (Male) |
| 1:43 | Build | Settlement |
| 1:56 | Create | Villager (Male) |
| 2:16 | Create | Villager (Male) |
| 2:47 | Create | Villager (Male) |
| 3:03 | Create | Villager (Male) |
| 3:03 | Create | Villager (Male) |
| 3:45 | Create | Villager (Male) |
| 3:45 | Create | Villager (Male) |
| 3:45 | Create | Villager (Male) |
| 3:48 | Build | Settlement |
| 4:09 | Create | Villager (Male) |
| 4:10 | Create | Villager (Male) |
| 4:25 | Create | Villager (Male) |
| 4:25 | Create | Villager (Male) |
| 4:55 | Create | Villager (Male) |
| 4:55 | Create | Villager (Male) |
| 4:56 | Create | Villager (Male) |
| 5:35 | Create | Villager (Male) |
| 5:36 | Create | Villager (Male) |
| 6:28 | Create | Villager (Male) |
| 6:37 | Create | Villager (Male) |
| 6:41 | Create | Villager (Male) |
| 6:51 | Build | Farm |
| 6:52 | Build | Farm |
| 7:02 | Build | Farm |
| 7:51 | Research | Feudal Age |
| 8:33 | Create | Villager (Male) |
| 8:33 | Create | Villager (Male) |
| 9:22 | Research | Loom |
| 10:06 | Age | Feudal Age |
| 10:07 | Build | Market |
| 10:13 | Build | Blacksmith |
| 10:29 | Build | Settlement |
| 11:39 | Research | Castle Age |
| 12:52 | Create | Villager (Male) |
| 13:22 | Research | Double-Bit Axe |
| 13:23 | Research | Horse Collar |
| 14:19 | Age | Castle Age |
| 14:22 | Build | Castle |
| 14:27 | Create | Villager (Male) |
| 14:35 | Research | Bow Saw |
| 14:59 | Build | Settlement |
| 15:01 | Create | Villager (Male) |
| 15:16 | Build | Siege Workshop |
| 15:20 | Create | Villager (Male) |
| 15:25 | Research | Fletching |
| 15:46 | Create | Unit 2562 |
| 16:05 | Create | Villager (Male) |
| 16:21 | Build | Monastery |
| 16:24 | Create | Villager (Male) |
| 16:31 | Create | Unit 2562 |
| 16:59 | Create | Villager (Male) |
| 17:01 | Create | Unit 2562 |
| 17:31 | Build | Farm |
| 17:31 | Build | Farm |
| 17:33 | Build | Farm |
| 17:35 | Build | Farm |
| 17:37 | Build | Farm |
| 17:39 | Create | Villager (Male) |
| 17:42 | Create | Monk |
| 17:55 | Create | Unit 2562 |
| 18:08 | Build | Farm |
| 18:25 | Create | Villager (Male) |
| 18:27 | Create | Unit 2562 |
| 18:27 | Create | Unit 2562 |
| 18:42 | Build | Farm |
| 18:46 | Build | Farm |
| 18:47 | Build | Farm |
| 18:48 | Create | Villager (Male) |
| 18:59 | Create | Petard |
| 19:08 | Build | Farm |
| 19:10 | Build | Farm |
| 19:15 | Create | Villager (Male) |
| 19:15 | Create | Villager (Male) |
| 19:17 | Build | Farm |
| 19:27 | Create | Petard |
| 19:34 | Create | Villager (Male) |
| 19:37 | Build | Farm |
| 19:42 | Create | Villager (Male) |
| 19:45 | Build | Farm |
| 20:07 | Create | Unit 2562 |
| 20:12 | Create | Villager (Male) |
| 20:18 | Build | Farm |
| 20:23 | Create | Villager (Male) |
| 20:53 | Create | Villager (Male) |
| 21:26 | Create | Villager (Male) |
| 21:28 | Build | Farm |
| 21:28 | Build | Farm |
| 21:28 | Build | Farm |
| 21:28 | Build | Farm |
| 21:57 | Create | Villager (Male) |
| 23:32 | Research | Imperial Age |
| 23:34 | Create | Unit 2562 |
| 23:34 | Create | Unit 2562 |
| 23:43 | Research | Bodkin Arrow |
| 23:56 | Create | Monk |
| 24:06 | Build | Monastery |
| 24:34 | Create | Villager (Male) |
| 24:35 | Create | Unit 2562 |
| 24:35 | Create | Unit 2562 |
| 24:41 | Create | Monk |
| 24:58 | Build | House |
| 24:59 | Build | House |
| 25:13 | Research | Sanctity |
| 25:19 | Create | Monk |
| 25:20 | Create | Monk |
| 25:38 | Build | Settlement |
| 26:00 | Build | Monastery |
| 26:04 | Create | Monk |
| 26:04 | Create | Monk |
| 26:20 | Create | Villager (Male) |
| 26:29 | Research | Gold Mining |
| 26:42 | Age | Imperial Age |
| 26:44 | Create | Trebuchet (Packed) |
| 27:02 | Research | Block Printing |
| 27:05 | Create | Villager (Male) |
| 27:16 | Create | Trebuchet (Packed) |
| 27:16 | Create | Trebuchet (Packed) |
| 27:35 | Research | Theocracy |
| 27:52 | Create | Villager (Male) |
| 28:00 | Create | Trebuchet (Packed) |
| 28:00 | Create | Trebuchet (Packed) |
| 28:16 | Create | Villager (Male) |
| 28:35 | Create | Villager (Male) |
| 28:53 | Create | Monk |
| 28:54 | Create | Monk |
| 29:01 | Build | Town Center |
| 29:04 | Create | Villager (Male) |
| 29:07 | Research | Heavy Plow |
| 29:57 | Create | Villager (Male) |
| 29:59 | Build | House |
| 30:00 | Build | House |
| 30:00 | Build | House |
| 30:23 | Build | Town Center |
| 30:27 | Create | Villager (Male) |
| 30:27 | Create | Villager (Male) |
| 30:27 | Create | Villager (Male) |
| 30:36 | Create | Monk ×4 |
| 30:47 | Create | Petard |
| 30:51 | Research | Wheelbarrow |
| 30:51 | Create | Villager (Male) |
| 30:51 | Create | Villager (Male) |
| 30:52 | Create | Villager (Male) |
Build order — 只会种田
First 150 of 332 actions detected
| 0:00 | Create | Villager (Male) |
| 0:01 | Create | Villager (Male) |
| 0:01 | Create | Villager (Male) |
| 0:03 | Build | House |
| 0:04 | Build | House |
| 0:23 | Create | Villager (Male) |
| 1:24 | Create | Villager (Male) |
| 1:44 | Build | Lumber Camp |
| 1:54 | Create | Villager (Male) |
| 2:16 | Create | Villager (Male) |
| 2:17 | Create | Villager (Male) |
| 2:41 | Create | Villager (Male) |
| 2:41 | Create | Villager (Male) |
| 3:14 | Create | Villager (Male) |
| 3:14 | Create | Villager (Male) |
| 3:31 | Build | House |
| 3:35 | Create | Villager (Male) |
| 4:01 | Create | Villager (Male) |
| 4:01 | Create | Villager (Male) |
| 4:38 | Create | Villager (Male) |
| 4:46 | Build | Mill |
| 4:52 | Build | House |
| 4:58 | Build | House |
| 5:06 | Build | House |
| 5:14 | Create | Villager (Male) |
| 5:45 | Create | Villager (Male) |
| 5:45 | Create | Villager (Male) |
| 5:45 | Create | Villager (Male) |
| 5:53 | Build | House |
| 6:53 | Create | Villager (Male) |
| 7:31 | Create | Villager (Male) |
| 7:57 | Research | Feudal Age |
| 9:40 | Create | Villager (Male) |
| 10:07 | Age | Feudal Age |
| 10:12 | Build | Market |
| 10:18 | Build | Blacksmith |
| 10:21 | Build | House |
| 10:25 | Create | Villager (Male) |
| 10:26 | Create | Villager (Male) |
| 10:36 | Build | Farm |
| 11:12 | Research | Castle Age |
| 11:13 | Research | Castle Age |
| 11:29 | Build | Farm |
| 11:58 | Build | Farm |
| 12:07 | Research | Double-Bit Axe |
| 12:07 | Research | Double-Bit Axe |
| 12:59 | Create | Villager (Male) |
| 13:16 | Build | Farm |
| 13:31 | Build | Farm |
| 13:52 | Age | Castle Age |
| 13:55 | Create | Villager (Male) |
| 13:57 | Build | Town Center |
| 14:17 | Build | Town Center |
| 14:23 | Create | Villager (Male) |
| 14:46 | Build | Farm |
| 14:50 | Build | Farm |
| 15:00 | Create | Villager (Male) |
| 15:10 | Build | Farm |
| 15:12 | Build | Farm |
| 15:17 | Create | Villager (Male) |
| 15:22 | Create | Villager (Male) |
| 15:22 | Create | Villager (Male) |
| 15:29 | Build | Farm |
| 15:32 | Create | Villager (Male) |
| 15:36 | Create | Villager (Male) |
| 15:37 | Create | Villager (Male) |
| 15:43 | Create | Villager (Male) |
| 15:44 | Create | Villager (Male) |
| 15:45 | Create | Villager (Male) |
| 15:45 | Create | Villager (Male) |
| 15:52 | Build | Farm |
| 15:57 | Build | Farm |
| 16:02 | Create | Villager (Male) |
| 16:02 | Create | Villager (Male) |
| 16:14 | Research | Bow Saw |
| 16:29 | Create | Villager (Male) |
| 16:29 | Create | Villager (Male) |
| 16:32 | Build | Farm |
| 16:38 | Build | Farm |
| 16:39 | Create | Villager (Male) |
| 16:51 | Build | House |
| 16:52 | Build | House |
| 16:54 | Create | Villager (Male) |
| 17:00 | Build | Farm |
| 17:08 | Build | Farm |
| 17:09 | Create | Villager (Male) |
| 17:09 | Create | Villager (Male) |
| 17:12 | Create | Villager (Male) |
| 17:27 | Create | Villager (Male) |
| 17:28 | Create | Villager (Male) |
| 17:28 | Create | Villager (Male) |
| 17:35 | Build | Farm |
| 17:37 | Create | Villager (Male) |
| 17:42 | Create | Villager (Male) |
| 17:47 | Build | Farm |
| 17:54 | Build | Farm |
| 17:56 | Build | House |
| 17:59 | Create | Villager (Male) |
| 18:00 | Create | Villager (Male) |
| 18:07 | Build | Town Center |
| 18:09 | Build | Farm |
| 18:11 | Create | Villager (Male) |
| 18:12 | Create | Villager (Male) |
| 18:19 | Build | Farm |
| 18:23 | Build | Farm |
| 18:24 | Create | Villager (Male) |
| 18:25 | Create | Villager (Male) |
| 18:27 | Build | Farm |
| 18:30 | Build | Farm |
| 18:32 | Create | Villager (Male) |
| 18:32 | Create | Villager (Male) |
| 18:36 | Create | Villager (Male) |
| 18:40 | Create | Villager (Male) |
| 18:40 | Create | Villager (Male) |
| 18:50 | Build | Farm |
| 18:55 | Build | House |
| 18:57 | Build | House |
| 18:59 | Build | House |
| 19:05 | Create | Villager (Male) |
| 19:05 | Create | Villager (Male) |
| 19:05 | Create | Villager (Male) |
| 19:08 | Build | Farm |
| 19:10 | Create | Villager (Male) |
| 19:17 | Build | Farm |
| 19:18 | Create | Villager (Male) |
| 19:29 | Create | Villager (Male) |
| 19:38 | Create | Villager (Male) |
| 19:39 | Create | Villager (Male) |
| 19:39 | Create | Villager (Male) |
| 19:42 | Build | Farm |
| 19:45 | Create | Villager (Male) |
| 19:45 | Create | Villager (Male) |
| 19:59 | Build | Monastery |
| 20:07 | Research | Wheelbarrow |
| 20:07 | Research | Wheelbarrow |
| 20:08 | Research | Wheelbarrow |
| 20:12 | Build | Farm |
| 20:19 | Build | Farm |
| 20:28 | Create | Villager (Male) |
| 20:28 | Create | Villager (Male) |
| 20:28 | Create | Villager (Male) |
| 20:29 | Create | Villager (Male) |
| 20:32 | Build | Farm |
| 20:32 | Build | Farm |
| 20:32 | Build | Farm |
| 20:33 | Build | Farm |
| 20:33 | Build | Farm |
| 20:33 | Build | Farm |
| 20:36 | Build | Farm |
| 20:46 | Create | Villager (Male) |
Build order — LaochraGael
First 150 of 482 actions detected
| 0:00 | Create | Villager (Male) |
| 0:01 | Create | Villager (Male) |
| 0:01 | Create | Villager (Male) |
| 0:01 | Create | Villager (Male) |
| 0:02 | Build | House |
| 0:03 | Build | House |
| 1:26 | Create | Villager (Male) |
| 1:26 | Create | Villager (Male) |
| 1:39 | Create | Villager (Male) |
| 1:39 | Create | Villager (Male) |
| 1:48 | Build | Lumber Camp |
| 2:06 | Create | Villager (Male) |
| 2:06 | Create | Villager (Male) |
| 2:26 | Create | Villager (Male) |
| 3:01 | Create | Villager (Male) |
| 3:01 | Create | Villager (Male) |
| 3:18 | Create | Villager (Male) |
| 3:24 | Build | House |
| 3:56 | Create | Villager (Male) |
| 3:56 | Create | Villager (Male) |
| 4:10 | Build | House |
| 4:35 | Create | Villager (Male) |
| 4:36 | Create | Villager (Male) |
| 4:36 | Create | Villager (Male) |
| 4:39 | Build | Mill |
| 4:43 | Build | Palisade Gate |
| 4:53 | Build | Palisade Gate |
| 5:03 | Build | Palisade Wall |
| 5:05 | Create | Villager (Male) |
| 5:12 | Build | Palisade Wall |
| 5:50 | Create | Villager (Male) |
| 6:07 | Create | Villager (Male) |
| 6:37 | Create | Villager (Male) |
| 7:14 | Create | Villager (Male) |
| 7:14 | Create | Villager (Male) |
| 7:32 | Build | House |
| 7:47 | Create | Villager (Male) |
| 8:27 | Create | Villager (Male) |
| 8:33 | Build | Mining Camp |
| 8:53 | Research | Feudal Age |
| 8:53 | Research | Feudal Age |
| 9:29 | Build | Barracks |
| 10:20 | Create | Villager (Male) |
| 10:21 | Create | Villager (Male) |
| 11:04 | Age | Feudal Age |
| 11:06 | Build | Stable |
| 11:13 | Build | Market |
| 11:47 | Build | Farm |
| 11:50 | Research | Double-Bit Axe |
| 12:00 | Research | Castle Age |
| 12:03 | Build | House |
| 12:11 | Build | Farm |
| 12:17 | Research | Horse Collar |
| 12:22 | Create | Scout Cavalry |
| 12:23 | Create | Scout Cavalry |
| 12:44 | Build | Farm |
| 12:51 | Create | Scout Cavalry |
| 12:51 | Create | Scout Cavalry |
| 13:11 | Build | Farm |
| 13:19 | Build | Farm |
| 13:27 | Create | Villager (Male) |
| 13:29 | Build | Farm |
| 13:47 | Build | Farm |
| 13:55 | Build | Farm |
| 14:40 | Age | Castle Age |
| 14:54 | Create | Villager (Male) |
| 15:09 | Build | Town Center |
| 15:11 | Create | Villager (Male) |
| 15:14 | Create | Scout Cavalry |
| 15:17 | Research | Light Cavalry (upgrade) |
| 15:18 | Create | Villager (Male) |
| 15:38 | Build | House |
| 15:56 | Create | Villager (Male) |
| 16:09 | Build | Farm |
| 16:12 | Build | Farm |
| 16:16 | Build | House |
| 16:29 | Create | Villager (Male) |
| 16:32 | Build | Farm |
| 16:44 | Create | Villager (Male) |
| 16:45 | Create | Villager (Male) |
| 16:45 | Create | Villager (Male) |
| 16:47 | Build | House |
| 16:50 | Build | Farm |
| 17:02 | Create | Villager (Male) |
| 17:07 | Build | Farm |
| 17:22 | Create | Villager (Male) |
| 17:23 | Build | House |
| 17:44 | Build | Monastery |
| 17:46 | Create | Villager (Male) |
| 17:55 | Build | House |
| 17:57 | Research | Wheelbarrow |
| 18:10 | Create | Villager (Male) |
| 18:19 | Build | Farm |
| 18:21 | Build | Farm |
| 18:35 | Create | Monk |
| 18:43 | Build | Town Center |
| 18:45 | Create | Villager (Male) |
| 18:49 | Create | Villager (Male) |
| 18:54 | Build | Farm |
| 18:54 | Create | Villager (Male) |
| 18:59 | Build | Farm |
| 19:03 | Create | Villager (Male) |
| 19:10 | Build | Farm |
| 19:29 | Create | Monk |
| 19:31 | Create | Villager (Male) |
| 19:33 | Build | Farm |
| 19:40 | Create | Steppe Lancer |
| 19:41 | Create | Villager (Male) |
| 19:44 | Create | Villager (Male) |
| 19:46 | Build | Farm |
| 19:49 | Build | Farm |
| 19:52 | Build | Farm |
| 19:54 | Build | Farm |
| 20:10 | Create | Villager (Male) |
| 20:19 | Create | Villager (Male) |
| 20:19 | Create | Villager (Male) |
| 20:20 | Create | Villager (Male) |
| 20:20 | Create | Villager (Male) |
| 20:20 | Create | Villager (Male) |
| 20:27 | Create | Villager (Male) |
| 20:28 | Create | Villager (Male) |
| 20:41 | Create | Villager (Male) |
| 20:43 | Build | Farm |
| 20:43 | Build | Farm |
| 20:44 | Build | Farm |
| 20:44 | Build | Farm |
| 20:47 | Create | Villager (Male) |
| 21:10 | Create | Steppe Lancer |
| 21:11 | Create | Villager (Male) |
| 21:14 | Create | Villager (Male) |
| 21:17 | Build | Farm |
| 21:18 | Create | Villager (Male) |
| 21:23 | Build | Mining Camp |
| 21:26 | Create | Villager (Male) |
| 21:27 | Create | Villager (Male) |
| 21:31 | Research | Bow Saw |
| 21:31 | Research | Bow Saw |
| 21:32 | Research | Bow Saw |
| 21:44 | Create | Villager (Male) |
| 21:45 | Create | Steppe Lancer |
| 21:45 | Create | Steppe Lancer |
| 21:54 | Create | Villager (Male) |
| 21:54 | Create | Villager (Male) |
| 22:03 | Create | Steppe Lancer |
| 22:09 | Create | Steppe Lancer |
| 22:10 | Create | Steppe Lancer |
| 22:16 | Build | House |
| 22:16 | Build | House |
| 22:16 | Build | House |
| 22:29 | Create | Villager (Male) |
Match timeline
| 5:03 | LaochraGael · wall_segment Palisade Wall x1 |
| 5:12 | LaochraGael · wall_segment Palisade Wall x1 |
| 8:40 | [KOF] ME LA PELAN · age_up feudal |
| 8:58 | PossiblySean · age_up feudal |
| 9:07 | Gloriaz · wall_segment Palisade Wall x7 |
| 9:10 | Rainguni · first_building Barracks |
| 9:29 | LaochraGael · first_building Barracks |
| 10:06 | NuclearPasta · age_up feudal |
| 10:07 | 只会种田 · age_up feudal |
| 10:28 | Gloriaz · wall_segment Palisade Wall x4 |
| 10:30 | Rainguni · age_up feudal |
| 10:33 | Gloriaz · wall_segment Palisade Wall x4 |
| 10:33 | Rainguni · first_building Stable |
| 10:56 | Gloriaz · age_up feudal |
| 11:04 | LaochraGael · age_up feudal |
| 11:06 | LaochraGael · first_building Stable |
| 11:24 | NuclearPasta · first_market_sell 100 wood |
| 11:25 | NuclearPasta · first_market_buy 100 food |
| 11:38 | Gloriaz · wall_segment Palisade Wall x7 |
| 11:49 | BruToO · age_up feudal |
| 12:11 | Gloriaz · wall_segment Palisade Wall x7 |
| 12:18 | Gloriaz · wall_segment Palisade Wall x6 |
| 12:57 | BruToO · first_market_sell 100 food |
| 13:52 | 只会种田 · age_up castle |
| 14:17 | PossiblySean · first_market_sell 100 food |
| 14:19 | NuclearPasta · age_up castle |
| 14:22 | NuclearPasta · first_building Castle |
| 14:40 | LaochraGael · age_up castle |
| 15:16 | NuclearPasta · first_building Siege Workshop |
| 15:29 | PossiblySean · first_building Barracks |
| 15:30 | Gloriaz · wall_segment Palisade Wall x1 |
| 15:30 | Gloriaz · wall_segment Palisade Wall x1 |
| 15:37 | [KOF] ME LA PELAN · wall_segment Palisade Wall x1 |
| 15:38 | Rainguni · age_up castle |
| 15:41 | BruToO · age_up castle |
| 15:51 | BruToO · first_building Castle |
| 15:53 | Gloriaz · age_up castle |
| 15:54 | Gloriaz · wall_segment Palisade Wall x1 |
| 16:04 | Gloriaz · first_building Siege Workshop |
| 16:21 | NuclearPasta · first_building Monastery |
| 16:28 | BruToO · first_building Siege Workshop |
| 16:31 | [KOF] ME LA PELAN · first_market_buy 100 food |
| 17:03 | PossiblySean · age_up castle |
| 17:42 | PossiblySean · first_building Monastery |
| 17:44 | LaochraGael · first_building Monastery |
| 18:12 | BruToO · wall_segment Palisade Wall x1 |
| 18:13 | BruToO · wall_segment Palisade Wall x1 |
| 18:31 | LaochraGael · first_market_buy 100 wood |
| 19:18 | BruToO · wall_segment Palisade Wall x1 |
| 19:19 | BruToO · wall_segment Palisade Wall x1 |
| 19:36 | Gloriaz · wall_segment Palisade Wall x1 |
| 19:59 | 只会种田 · first_building Monastery |
| 20:19 | Gloriaz · wall_segment Palisade Wall x1 |
| 21:04 | [KOF] ME LA PELAN · age_up castle |
| 21:16 | 只会种田 · first_market_sell 100 wood |
| 21:22 | [KOF] ME LA PELAN · first_building Castle |
| 21:23 | Gloriaz · first_market_buy 100 food |
| 22:50 | 只会种田 · wall_segment Palisade Wall x1 |
| 23:00 | 只会种田 · first_building Siege Workshop |
| 23:11 | [KOF] ME LA PELAN · first_building Monastery |
| 23:39 | PossiblySean · first_market_buy 100 stone |
| 23:59 | Gloriaz · first_building Barracks |
| 25:35 | BruToO · first_market_buy 100 stone |
| 25:43 | [KOF] ME LA PELAN · first_market_sell 100 stone |
| 26:11 | 只会种田 · first_building Barracks |
| 26:42 | NuclearPasta · age_up imperial |
| 27:24 | Gloriaz · first_building Castle |
| 27:25 | 只会种田 · first_building Stable |
| 28:15 | Rainguni · first_market_sell 100 food |
| 28:31 | LaochraGael · first_building Castle |
| 28:51 | Rainguni · first_building Monastery |
| 29:03 | Gloriaz · first_market_sell 500 stone |
| 29:04 | 只会种田 · age_up imperial |
| 29:29 | 只会种田 · first_market_buy 100 stone |
| 29:34 | 只会种田 · first_building Castle |
| 29:53 | BruToO · first_building Barracks |
| 30:34 | LaochraGael · age_up imperial |
| 30:41 | 只会种田 · tribute_sent a jugador 1 |
| 30:41 | 只会种田 · tribute_sent a jugador 2 |
| 30:41 | 只会种田 · tribute_sent a jugador 3 |
| 30:41 | 只会种田 · tribute_sent a jugador 4 |
| 30:41 | 只会种田 · tribute_sent a jugador 5 |
| 30:41 | 只会种田 · tribute_sent a jugador 6 |
| 30:41 | 只会种田 · tribute_sent a jugador 8 |
| 32:18 | Rainguni · tribute_sent a jugador 1 |
| 32:18 | Rainguni · tribute_sent a jugador 2 |
| 32:18 | Rainguni · tribute_sent a jugador 3 |
| 32:18 | Rainguni · tribute_sent a jugador 4 |
| 32:18 | Rainguni · tribute_sent a jugador 6 |
| 32:18 | Rainguni · tribute_sent a jugador 7 |
| 32:18 | Rainguni · tribute_sent a jugador 8 |
| 32:25 | LaochraGael · first_building Siege Workshop |
| 32:43 | Gloriaz · first_building Archery Range |
| 33:01 | Rainguni · age_up imperial |
| 33:02 | Gloriaz · age_up imperial |
| 33:20 | BruToO · resign |
| 33:44 | Rainguni · first_building Castle |
| 35:26 | Gloriaz · wall_segment Palisade Wall x1 |
| 36:03 | Gloriaz · wall_segment Palisade Wall x1 |
| 37:37 | [KOF] ME LA PELAN · age_up imperial |
| 37:43 | PossiblySean · age_up imperial |
| 39:05 | Gloriaz · wall_segment Palisade Wall x2 |
[ AI ANALYSIS · 1 CREDIT ]
What really happened in this match?
Wolo.gg analyzes every decision: build order, eco, micro, common mistakes by bracket. Personalized analysis on WhatsApp or Discord in 30 seconds.
Civ guide
Cumans
Perfil
Jugador #5926433